 Dungeon Crawl Stone Soup version 0.18-a0-1157-g59db91b (webtiles) character file.

681 st0uf the Skirmisher (level 7, -3/72 HPs)
             Began as an Ogre Fighter on Jan 23, 2016.
             Slain by a centaur (5 damage)
             ... on level 5 of the Dungeon.
             The game lasted 00:15:50 (4061 turns).

st0uf the Skirmisher (Ogre Fighter)                 Turns: 4061, Time: 00:15:50

Health: -3/72      AC:  3    Str: 22    XL:     7   Next: 61%
Magic:  7/7        EV: 10    Int:  7    God:
Gold:   338        SH: 10    Dex: 11    Spells: 0 memorised, 6 levels left

rFire  . . .     SeeInvis .     h - +0 whip (flame)
rCold  . . .     Gourm    .     b - +0 robe
rNeg   . . .     Faith    .     c - +1 shield
rPois  .         Spirit   .     (helmet restricted)
rElec  .         Dismiss  .     (no cloak)
rCorr  .         Reflect  .     (gloves unavailable)
SustAt .         Harm     .     (boots unavailable)
MR     .....                    m - amulet of regeneration
Stlth  +.........               (no ring)
                                (no ring)

@: lethally poisoned (-3 -> -3), not resistant to hostile enchantments, very
unstealthy
A: unfitting armour, tough skin 1
a: no special abilities


You were on level 5 of the Dungeon.
You were hungry.

You visited 1 branch of the dungeon, and saw 5 of its levels.

You collected 338 gold pieces.

Inventory:

Hand Weapons
 a - a +0 flail
 h - a +0 whip of flaming (weapon)
Missiles
 x - 5 large rocks (quivered)
Armour
 b - a +0 robe (worn)
 c - a +1 shield (worn)
Jewellery
 m - an amulet of regeneration (around neck)
 p - an uncursed amulet of magic regeneration
 t - an uncursed amulet of faith
Wands
 j - a wand of lightning (12/15)
 k - a wand of slowing (36/48)
Scrolls
 g - a scroll of fear {unknown}
 o - a scroll of fog
 r - 2 scrolls of amnesia
 s - 2 scrolls of identify
 u - a scroll of teleportation {unknown}
 v - 2 scrolls of remove curse
 w - a scroll of brand weapon {unknown}
Potions
 d - a potion of might
 e - 2 potions of haste
 l - a potion of resistance {unknown}
 q - 2 potions of curing {unknown}
Comestibles
 f - 6 bread rations
 i - 2 beef jerkies
 n - a meat ration


   Skills:
 + Level 5.4 Fighting
 + Level 4.7 Maces & Flails
 * Level 3.1 Throwing
 + Level 5.2 Dodging
 + Level 4.1 Shields


You had 6 spell levels left.
You didn't know any spells.

Dungeon Overview and Level Annotations

Branches:
Dungeon (5/15)
 Temple: D:4-7

Altars:
Ashenzari
Elyvilon
Gozag
Pakellas


Innate Abilities, Weirdness & Mutations

You are too large for most types of armour.
You have tough skin (AC +1).


Message History

The centaur barely misses you. You block the centaur's attack.
Your shield prevents you from hitting the centaur.
The centaur is moderately wounded.
You feel sick. The centaur barely misses you.
You hit the centaur. You burn the centaur.
The centaur is heavily wounded.
The centaur hits you.
* * * LOW HITPOINT WARNING * * *
The centaur closely misses you.
You barely miss the centaur.
The centaur is heavily wounded.
You feel sick. You block the centaur's attack.
You hit the centaur but do no damage.
The centaur is heavily wounded.
You block the centaur's attack. The centaur hits you!
* * * LOW HITPOINT WARNING * * *
You barely miss the centaur.
The centaur is heavily wounded.
You feel sick. The centaur hits you.
You die...

#.#.#.. ##.#.#. .
..... .. #.#.#
##.######.#.#.#.#.
..........).......
#....###(#.#.#.#.
##....###c#Z#
.......(@.#.#
..........#.# ..
..........#.#
.............#.$
....#+######.#..
#....#........#...
#........######..
#........+.......
#..............####


You could see a centaur.

Vanquished Creatures
  Grinder (D:5)
  An eye of draining (D:3)
  An ogre (D:5)
  A crimson imp (D:5)
  A jelly (D:5)
  An orc wizard (D:4)
  2 worker ants (D:4)
  A hound zombie (D:5)
  2 hound skeletons (D:4)
  7 adders
  An adder skeleton (D:4)
  4 worms
  A giant gecko (D:4)
  4 orcs (D:4)
  3 ball pythons
  10 bats
  3 giant cockroaches
  5 goblins
  11 hobgoblins
  8 kobolds
  3 quokkas
  6 giant newts
  A jackal skeleton (D:4)
  11 rats
89 creatures vanquished.

Vanquished Creatures (others)
  A plant (D:2)
1 creature vanquished.

Grand Total: 90 creatures vanquished

Notes
Turn   | Place    | Note
--------------------------------------------------------------
     0 | D:1      | st0uf the Ogre Fighter began the quest for the Orb.
     0 | D:1      | Reached XP level 1. HP: 24/24 MP: 1/1
   115 | D:1      | Reached XP level 2. HP: 28/32 MP: 2/2
   536 | D:1      | Reached XP level 3. HP: 35/40 MP: 3/3
   991 | D:2      | Found an opulent altar of Gozag.
  1078 | D:2      | Reached skill level 1 in Throwing
  1094 | D:2      | HP: 2/40 [poisoned by an adder]
  1102 | D:2      | HP: 1/40 [poisoned by an adder]
  1815 | D:2      | Reached XP level 4. HP: 49/49 MP: 4/4
  1834 | D:3      | Found an oddly glowing altar of Pakellas.
  1918 | D:3      | Noticed an eye of draining
  1934 | D:3      | Killed an eye of draining
  1934 | D:3      | Reached XP level 5. HP: 46/55 MP: 0/5
  2885 | D:4      | Reached XP level 6. HP: 65/65 MP: 6/6
  3435 | D:4      | Found a white marble altar of Elyvilon.
  3850 | D:5      | Entered Level 5 of the Dungeon
  3853 | D:5      | Noticed Grinder
  3863 | D:5      | Killed Grinder
  3863 | D:5      | Reached skill level 5 in Fighting
  3863 | D:5      | Reached XP level 7. HP: 64/72 MP: 7/7
  3961 | D:5      | Found a shattered altar of Ashenzari.
  4007 | D:5      | Reached skill level 5 in Dodging
  4060 | D:5      | HP: 2/72 [centaur (7)]
  4061 | D:5      | Slain by a centaur

Vault maps used:
D:1:      minmay_arrival_doors, item_on_display_a
D:2:      grunt_gozag_breadcrumbs, first_bread, serial_forest,
          infiniplex_forest_fountain, infiniplex_forest_zigzag_1,
          infiniplex_forest_lined_room_, infiniplex_forest_end_2,
          infiniplex_forest_end_2, infiniplex_forest_end_1,
          infiniplex_forest_lined_room_
D:3:      grunt_pakellas_basics
D:4:      old_standard_altar
D:5:      cheibrodos_ashenzari_chains, basic_altar, uniq_grinder

Action                   |  1- 3 |  4- 6 |  7- 9 || total
-------------------------+-------+-------+-------++-------
Melee: Whip              |   178 |   235 |    56 ||   469
       Flail             |     4 |       |       ||     4
  Use: Scroll            |     3 |     4 |       ||     7
       Potion            |       |     1 |       ||     1
 Stab: Sleeping          |     2 |       |       ||     2
       Distracted        |     1 |       |       ||     1
  Eat: Chunk             |     3 |     7 |       ||    10
